[Event "Early-Titled-Tuesday-Blitz-February-27-2024"]
[Site "Chess.com"]
[Date "2024.02.27"]
[Round "2"]
[White "Honiex"]
[Black "Nbk90"]
[Result "1-0"]
[WhiteElo "2540"]
[BlackElo "2314"]
[TimeControl "180+1"]
[EndTime "8:17:49 PST"]
[Termination "Honiex won by resignation"]

1. Nc3 e5 2. Nf3 Nc6 3. d4 exd4 4. Nxd4 Qf6 5. Ndb5 Bd6 6. Nd5 Qd8 7. Nxd6+ cxd6 8. Bf4 Ne5 9. Qd4 Nf6 10. O-O-O O-O 11. e3 Neg4 12. Nxf6+ Qxf6 13. Qxf6 Nxf6 14. Bxd6 Re8 15. Bc4 b6 16. Rhe1 Bb7 17. f3 Rac8 18. Bb3 a5 19.
e4 b5 20. a4 bxa4 21. Bxa4 Bc6 22. Bb3 a4 23. Ba2 Bb5 24. Kb1 Rc6 25. c3 h6 26.
Bb4 Rec8 27. e5 Nh5 28. Rxd7 Rc4 29. Bxc4 Bxd7 30. Ba2 Nf4 31. g3 Nd3 32. Rd1 Bf5 33.
g4 Nxb4+ 34. gxf5 Nc6 35. e6 f6 36. e7+ Kh7 37. Re1 Re8 38. Bc4 Rxe7 39. Rxe7 Nxe7 40.
Bb5 Nxf5 41. Bxa4 Nh4 42. Bc6 g5 43. b4 Kg7 44. b5 Kf7 45. b6 Ke7 46. b7 Kd6 47.
b8=Q+ Kxc6 48. Qf8 Nxf3 49. Qxf6+ 1-0

[Event "Early-Titled-Tuesday-Blitz-February-27-2024"]
[Site "Chess.com"]
[Date "2024.02.27"]
[Round "2"]
[White "Flaccidmoves"]
[Black "deepfear"]
[Result "1-0"]
[WhiteElo "2448"]
[BlackElo "1975"]
[TimeControl "180+1"]
[EndTime "8:17:49 PST"]
[Termination "Flaccidmoves won on time"]

1. c4 g6 2. Nc3 Bg7 3. e4 d6 4. d4 Nf6 5. Nf3 O-O 6. h3 e5 7. d5 Nbd7 8. g4 Nc5 9. Qc2 a5 10. Be3 b6 11. Nd2 h6 12. Be2 Nh7 13. h4 f5 14.
gxf5 gxf5 15. O-O-O f4 16. Bxc5 bxc5 17. Rdg1 Kh8 18.
Bg4 Bf6 19. Nf3 Bxg4 20. Rxg4 Qd7 21. Rg6 Bg7 22. Rhg1 Rf7 23. Nh2 Qe7 24. h5 Ng5 25.
Ng4 Kh7 26. Qe2 a4 27. a3 Rb8 28. Nxa4 Qe8 29. Nc3 Rb7 30. f3 Qb8 31. Qg2 Rb3 32. Qc2 Rd7 33. Nh2 Rf7 34. R6xg5 hxg5 35. Rxg5 Rd7 36.
Ng4 Bh6 37. Rg6 Bg7 38. Re6 Qg8 39. h6 Rb8 40. hxg7 Qxg7 41. Qh2+ Kg8 42. Nf6+ Kf7 43. Ng4 Rg8 44. Qh5+ Qg6 45. Rxg6 Rxg6 46. Nb5 Rd8 47. Nxc7 Rf8 48. Ne6 Rg8 49. Qf5+ Ke7 50. Kc2 Rf6 51.
Qxf6+ 1-0

[Event "Early-Titled-Tuesday-Blitz-February-27-2024"]
[Site "Chess.com"]
[Date "2024.02.27"]
[Round "2"]
[White "DenLaz"]
[Black "AttackSparrow"]
[Result "1-0"]
[WhiteElo "3031"]
[BlackElo "2636"]
[TimeControl "180+1"]
[EndTime "8:17:50 PST"]
[Termination "DenLaz won by resignation"]

1. d4 d5 2. c4 e6 3. Nf3 Nf6 4.
g3 Be7 5. Bg2 O-O 6. O-O c6 7.
b3 a5 8. Bb2 a4 9. Na3 Nbd7 10.
Qc2 Ne4 11. Ne1 f5 12. Nd3 Bf6 13. b4 Nd6 14. c5 Nb5 15. Nxb5 cxb5 16. Nf4 Nb8 17.
a3 Nc6 18. e3 Qe7 19. Qd3 Bd7 20. Ne2 Na7 21. Qd2 g5 22. f3 h5 23. e4 Bc6 24. exf5 exf5 25. Rae1 Qg7 26. Nc1 Rae8 27. Qf2 Bd7 28. f4 Re4 29. Bxe4 fxe4 30. fxg5 Bxg5 31.
Qxf8+ Qxf8 32. Rxf8+ Kxf8 33. Ne2 Be3+ 34. Kg2 Bg4 35.
Rf1+ Kg7 36. Nf4 Bf3+ 37. Rxf3 exf3+ 38. Kxf3 Bxf4 39. Kxf4 Kf6 40. h3 Nc6 41. g4 Ne7 42. gxh5 Nf5 43. Bc3 Ng7 44. Kg4 Nf5 45. Bd2 Ng7 46.
Bf4 Ne6 47. Be5+ Kf7 48. Kf5 Nd8 49. h6 Nc6 50. h7 Ne7+ 51. Kg5 Ng6 52. h8=Q Nxh8 53.
Bxh8 1-0

[Event "Early-Titled-Tuesday-Blitz-February-27-2024"]
[Site "Chess.com"]
[Date "2024.02.27"]
[Round "2"]
[White "Firouzja2003"]
[Black "Yurovskykh_Oleksandr"]
[Result "0-1"]
[WhiteElo "3074"]
[BlackElo "2669"]
[TimeControl "180+1"]
[EndTime "8:17:51 PST"]
[Termination "Yurovskykh_Oleksandr won by resignation"]

1. Nf3 d5 2. g3 Nf6 3. Bg2 Bf5 4.
O-O e6 5. d3 h6 6. c4 c6 7. Qb3 Qb6 8. Be3 Qxb3 9. axb3 a6 10. Nc3 Nbd7 11. Rfc1 Bd6 12. Ra4 O-O 13. h3 Rfc8 14. g4 Bh7 15. Rca1 Nc5 16. R4a3 Ncd7 17. R3a2 Kf8 18. Nd2 Ke8 19. d4 Kf8 20. c5 Bc7 21. f4 Re8 22. b4 Rac8 23. Nf3 Ne4 24. Ne5 Nxe5 25. fxe5 Nxc3 26. bxc3 Ke7 27. Bf4 f6 28. exf6+ Kxf6 29. e3 g5 30. Be5+ Bxe5 31. Rf2+ Kg7 32. dxe5 Rf8 33. Bf1 Rxf2 34. Kxf2 Be4 35.
Be2 Rf8+ 36. Kg3 Rf7 37. Rd1 Rf8 38. Rd4 Kf7 39. c4 Ke7 40. b5 a5 41. cxd5 exd5 42.
Ra4 Ra8 43. b6 Ke6 44. Bd1 Bd3 45. Ra3 Bb5 46. h4 Kxe5 47. Bc2 a4 48. Bf5 d4 49.
exd4+ Kxd4 50. hxg5 hxg5 51. Kf3 Kxc5 52. Ke4 Re8+ 53. Kf3 Kxb6 0-1

[Event "Early-Titled-Tuesday-Blitz-February-27-2024"]
[Site "Chess.com"]
[Date "2024.02.27"]
[Round "2"]
[White "Chopper1905"]
[Black "ozates"]
[Result "1-0"]
[WhiteElo "2930"]
[BlackElo "2607"]
[TimeControl "180+1"]
[EndTime "8:17:51 PST"]
[Termination "Chopper1905 won by resignation"]

1. d4 Nf6 2. c4 e6 3. Nc3 d5 4. cxd5 Nxd5 5. e3 c5 6. Bd3 Be7 7. Nf3 O-O 8. O-O Nc6 9. a3 b6 10. Qc2 Nf6 11. dxc5 Bxc5 12. Ne4 Bb7 13. Rd1 Nxe4 14.
Bxe4 Qf6 15. Rd7 Rab8 16. Rxb7 Rxb7 17. Bxc6 Rc7 18. Be4 g6 19. Bd2 Rfc8 20. Bc3 Qe7 21. Qa4 Bd6 22. Qd4 e5 23. Qd2 Rd7 24. Rd1 Rcd8 25. Bc6 Rc7 26. Qd5 Rcc8 27. Qe4 f5 28. Bd5+ Kg7 29. Qa4 Bb8 30. h4 Kh6 31. Ba2 Rxd1+ 32.
Qxd1 Rd8 33. Qc1 e4 34. Ng5 Rf8 35. g3 Bd6 36. Qd2 f4 37. exf4 Bc5 38. Ne6 e3 39.
fxe3 Re8 40. Bg7+ Qxg7 41. Nxg7 Bxe3+ 42. Kg2 Bxd2 43. Nxe8 Bc1 44. b4 Bxa3 45. b5 Be7 46.
Nc7 Bc5 47. Nd5 Kg7 48. Kf3 Kf8 49. Ke4 Kf7 50. Nxb6+ 1-0

[Event "Early-Titled-Tuesday-Blitz-February-27-2024"]
[Site "Chess.com"]
[Date "2024.02.27"]
[Round "2"]
[White "chezzgirl04"]
[Black "Licancabur"]
[Result "0-1"]
[WhiteElo "2093"]
[BlackElo "2457"]
[TimeControl "180+1"]
[EndTime "8:17:51 PST"]
[Termination "Licancabur won by checkmate"]

1. e4 Nf6 2. e5 Nd5 3. d4 d6 4. c4 Nb6 5. f4 dxe5 6. fxe5 Nc6 7.
Nf3 Bg4 8. Be3 e6 9. Nc3 Bxf3 10. Qxf3 Nxd4 11. Bxd4 Qxd4 12. Qxb7 Bc5 13. Qc6+ Kf8 14. Ne4 Qe3+ 15. Be2 Bb4+ 16. Kf1 Rd8 17. Qxc7 Rd7 18.
Qb8+ Ke7 19. Qxh8 Qxe4 20. Qxg7 Rd2 21. Qf6+ Ke8 22. Qh8+ Kd7 23. Re1 Qf4+ 24. Bf3 Qxc4+ 25. Be2 Qf4+ 26. Bf3 Nd5 27. Qa8 Qc4+ 28. Be2 Ne3+ 29. Kf2 Ng4+ 30. Kf1 Qf4+ 31. Qf3 Ne3+ 32. Kg1 Qd4 33.
Qxf7+ Be7 34. Qf3 Nd1+ 35. Kf1 Ne3+ 36. Kf2 Ng4+ 37. Kf1 Bh4 38. Qf7+ Be7 39. Qf3 Ne3+ 40. Kf2 Nd5+ 41. Kf1 Rxb2 42. Qd3 Ne3+ 43. Kg1 Qxd3 44. Bxd3 Rxg2# 0-1

[Event "Early-Titled-Tuesday-Blitz-February-27-2024"]
[Site "Chess.com"]
[Date "2024.02.27"]
[Round "2"]
[White "GM_Levan_Pantsulaia"]
[Black "BursaBBSatranc"]
[Result "1/2-1/2"]
[WhiteElo "2951"]
[BlackElo "2633"]
[TimeControl "180+1"]
[EndTime "8:17:55 PST"]
[Termination "Game drawn by repetition"]

1. Nf3 d5 2. c4 c6 3. g3 Nf6 4.
Bg2 Bf5 5. cxd5 cxd5 6. Qb3 Qb6 7. Qxb6 axb6 8. Nc3 e6 9. d3 Be7 10. Nb5 O-O 11.
Nfd4 Bg6 12. f4 Nc6 13. h3 Nxd4 14. Nxd4 Bb4+ 15. Bd2 Bxd2+ 16. Kxd2 Rfc8 17. a3 Nd7 18. g4 Nf6 19. Rac1 h5 20. g5 Ne8 21. Nf3 f6 22.
Nh4 Kf7 23. f5 Bxf5 24. Nxf5 exf5 25. Bxd5+ Ke7 26. Bxb7 Rxc1 27. Rxc1 Rd8 28. gxf6+ Kxf6 29. h4 g5 30. hxg5+ Kxg5 31. Rg1+ Kf6 32. Bf3 Ng7 33. b4 h4 34. a4 Ne6 35. a5 bxa5 36. bxa5 Nd4 37.
Ke3 Nxf3 38. Kxf3 Ra8 39. Ra1 Ra6 40. Kf4 Ke6 41. d4 Kf6 42. e3 Ke6 43. Rh1 Rxa5 44. Rxh4 Kf6 45. Rh6+ Kg7 46. Rd6 Kf7 47. d5 Ra3 48. Re6 Rd3 49. Re5 Kg6 50. Re6+ Kf7 51. Rd6 Ke7 52. Re6+ Kf7 1/2-1/2

[Event "Early-Titled-Tuesday-Blitz-February-27-2024"]
[Site "Chess.com"]
[Date "2024.02.27"]
[Round "2"]
[White "Cheer_Down"]
[Black "matagordo"]
[Result "1/2-1/2"]
[WhiteElo "2496"]
[BlackElo "2226"]
[TimeControl "180+1"]
[EndTime "8:17:55 PST"]
[Termination "Game drawn by repetition"]

1. e4 e6 2. d4 d5 3. Nc3 Nf6 4. e5 Nfd7 5. Nce2 c5 6. c3 Nc6 7. Nf3 Rb8 8. Nf4 b5 9. Be3 Be7 10. h4 a5 11. h5 Qc7 12. a3 Qa7 13. h6 g6 14. Bd3 Kd8 15. O-O c4 16. Be2 a4 17.
Nh3 Kc7 18. Bg5 Ba6 19. Bxe7 Nxe7 20. Nfg5 Rbf8 21. Nf4 Nf5 22. Bg4 Nxh6 23. Bxe6 fxe6 24. Ngxe6+ Kc8 25. Nxd5 Bb7 26. Ne7+ Kb8 27. Qd2 Nf5 28.
Nxf8 Rxf8 29. Nxf5 Rxf5 30. f4 Bd5 31. g4 Rf7 32.
Kh2 Nf8 33. f5 Qe7 34. Qh6 Be4 35. e6 Rf6 36. Qf4+ Ka7 37. Qxe4 gxf5 38. gxf5 Rh6+ 39.
Kg3 Qg5+ 40. Qg4 Qe3+ 41. Rf3 Qd2 42. Qg7+ Kb6 43. Qxh6 Qxh6 44. Re1 Qg5+ 45. Kf2 Qh4+ 46. Kf1 Qg4 47. Kf2 Qh4+ 48. Kf1 Qg4 49. Kf2 Qh4+ 1/2-1/2

[Event "Early-Titled-Tuesday-Blitz-February-27-2024"]
[Site "Chess.com"]
[Date "2024.02.27"]
[Round "2"]
[White "Grandmaster1369"]
[Black "elchacal664"]
[Result "0-1"]
[WhiteElo "2775"]
[BlackElo "2434"]
[TimeControl "180+1"]
[EndTime "8:17:58 PST"]
[Termination "elchacal664 won on time"]

1. e4 d5 2. exd5 Qxd5 3. Nc3 Qd6 4. d4 a6 5. Nf3 Nf6 6. g3 b5 7.
Bg2 Bb7 8. O-O e6 9. Bf4 Qb6 10. a4 Bd6 11. a5 Qa7 12. Be3 Nd5 13. Nxd5 Bxd5 14. Ng5 Bxg2 15. Kxg2 Qb7+ 16. Kg1 h6 17. Qh5 O-O 18. Nh3 Qd5 19. Qxd5 exd5 20. Bf4 Bxf4 21.
Nxf4 c6 22. Rfe1 Nd7 23. Re7 Rfd8 24. Rae1 Kf8 25. Nd3 Rac8 26. Nb4 Nb8 27. Rb7 Rd6 28. Rb6 Rf6 29. Nxa6 Nxa6 30. Rxa6 c5 31. dxc5 Rxa6 32. b4 Re6 33. Rd1 Re4 34. c3 Rc4 35. Rd3 d4 36. cxd4 Rxb4 37. Kg2 Ra4 38. Kf3 b4 39. Ke4 Ra3 40.
Rd1 b3 41. Rb1 Rxa5 42. Rxb3 Re8+ 43. Kd3 Rd8 44. c6 Rc5 45. Rb6 Rd6 46. Rb8+ Ke7 47. Rb7+ Ke6 48. c7 Rc1 49. Kd2 Rdc6 50. d5+ Kxd5 51.
Rb5+ Kd6 52. Rf5 R1c2+ 0-1

[Event "Early-Titled-Tuesday-Blitz-February-27-2024"]
[Site "Chess.com"]
[Date "2024.02.27"]
[Round "2"]
[White "edgarhay012"]
[Black "dropstoneDP"]
[Result "0-1"]
[WhiteElo "2638"]
[BlackElo "3039"]
[TimeControl "180+1"]
[EndTime "8:17:59 PST"]
[Termination "dropstoneDP won by resignation"]

1. e4 e5 2. Nf3 Nf6 3. d3 d5 4.
exd5 Qxd5 5. Be2 Nc6 6. O-O Bf5 7. Nbd2 O-O-O 8. Nc4 e4 9. Ne3 Qc5 10. Ne1 Bg6 11.
Bd2 Ne5 12. Bc3 exd3 13. cxd3 Qd6 14. Rc1 Kb8 15. Qa4 Qd7 16. Qb3 Nc6 17. Nf3 Nd5 18.
d4 Nxe3 19. fxe3 Bd6 20. Bd2 Ne7 21. Bb4 Bxb4 22. Qxb4 Nd5 23. Qb3 f6 24. Bb5 Qe7 25. Rfe1 Ka8 26. a3 Qd6 27. Bf1 Rhe8 28. Rc5 c6 29. Rc4 Bf7 30. Qd3 Nxe3 31. Rb4 Nxf1 32.
Rxf1 Bd5 33. Rc1 Be4 34. Qb3 Bd5 35. Qc3 Qf4 36. Ra4 Qe3+ 37. Qxe3 Rxe3 38. Kf2 Rde8 39. Rb4 Re2+ 40. Kg3 a6 41. a4 R8e3 42. a5 g5 43. h3 h5 44. Rc3 h4+ 45. Kg4 Rxg2+ 46. Kf5 Rxf3+ 47. Rxf3 Bxf3 48. Ke6 Bd5+ 49. Kd7 Re2 50. Kc7 Re7+ 51. Kb6 g4 52. hxg4 h3 53. Rb3 Bxb3 54. g5 h2 0-1

[Event "Early-Titled-Tuesday-Blitz-February-27-2024"]
[Site "Chess.com"]
[Date "2024.02.27"]
[Round "2"]
[White "Caroexpert"]
[Black "Bekkedahl"]
[Result "1-0"]
[WhiteElo "2507"]
[BlackElo "2220"]
[TimeControl "180+1"]
[EndTime "8:17:59 PST"]
[Termination "Caroexpert won by resignation"]

1. Nf3 Nf6 2. d4 g6 3. g3 Bg7 4. Bg2 O-O 5. O-O d6 6. b3 Nc6 7.
Bb2 Re8 8. Re1 e5 9. dxe5 dxe5 10. Qxd8 Rxd8 11. Nxe5 Nb4 12. Na3 Ng4 13. Nec4 Bf5 14. Bxg7 Kxg7 15. e4 Be6 16. h3 Nf6 17. Ne3 Rd2 18.
e5 Nfd5 19. Nac4 Rxc2 20. Nxc2 Nxc2 21. Red1 Nxa1 22. Rxa1 b5 23. Na5 Rd8 24. Rc1 Nb4 25. a3 Nd3 26. Rxc7 Nxe5 27. Rxa7 Rd1+ 28. Kh2 Rd2 29.
g4 Rxf2 30. Kg3 Ra2 31. Rb7 Rxg2+ 32. Kxg2 Bd5+ 33. Kg3 Bxb7 34. Nxb7 Nc6 35. a4 bxa4 36. bxa4 Kf6 37. a5 Ke5 38. a6 f5 39. Nd8 Na7 40.
gxf5 gxf5 41. Nf7+ Kf6 42. Nd6 Ke5 43. Nb7 Kf6 44.
Kf4 Kg6 45. Nd6 Kf6 46. Nxf5 Nc6 47. Nd6 Kg6 48. Ke4 Na7 49. Kd5 Kh5 50. Kc5 Kh4 51. Kb6 Kxh3 52. Kxa7 Kg3 53. Kb6 h5 54. a7 h4 55.
a8=Q h3 56. Qh1 h2 57. Nf5+ Kf4 58. Qxh2+ Kxf5 1-0

[Event "Early-Titled-Tuesday-Blitz-February-27-2024"]
[Site "Chess.com"]
[Date "2024.02.27"]
[Round "2"]
[White "nindjaxx8"]
[Black "sergoy"]
[Result "1/2-1/2"]
[WhiteElo "2658"]
[BlackElo "3069"]
[TimeControl "180+1"]
[EndTime "8:18:00 PST"]
[Termination "Game drawn by repetition"]

1. d4 d5 2. c4 c6 3. Nc3 Nf6 4. cxd5 cxd5 5. Bf4 Nc6 6. e3 a6 7. Nf3 Bg4 8. Be2 e6 9. O-O Be7 10. Rc1 O-O 11. Na4 Ne4 12. h3 Bh5 13. Ne5 Bxe2 14. Qxe2 Nxe5 15. Bxe5 Qa5 16. Nc5 Nxc5 17. dxc5 Rfc8 18.
Qg4 Bf8 19. a3 Qb5 20. b4 a5 21. h4 axb4 22. axb4 Ra4 23. Rb1 b6 24. cxb6 Qxb6 25. Bd4 Qb5 26. Rfc1 Rb8 27. Rc5 Qd7 28. Rbc1 f5 29. Qg3 Bd6 30. Rc7 Bxg3 31. Rxd7 e5 32. fxg3 exd4 33. exd4 Raxb4 34. Rcc7 Rxd4 35. Rxg7+ Kf8 36. Rxh7 Kg8 37. Rcg7+ Kf8 38. h5 Rb1+ 39. Kf2 Rb2+ 40.
Kf3 Rb3+ 41. Ke2 Rb2+ 42. Ke3 Re4+ 43. Kd3 Rb3+ 44. Kc2 Ree3 45. h6 Rbc3+ 46. Kb2 Rb3+ 47. Ka2 Ra3+ 48. Kb1 Rab3+ 49. Kc1 Rbc3+ 50. Kd2 Rcd3+ 51. Kc2 Rc3+ 52. Kd2 Rcd3+ 53. Kc2 Rc3+ 1/2-1/2

[Event "Early-Titled-Tuesday-Blitz-February-27-2024"]
[Site "Chess.com"]
[Date "2024.02.27"]
[Round "2"]
[White "PepeCuenca"]
[Black "janhelmer03"]
[Result "1-0"]
[WhiteElo "2693"]
[BlackElo "2310"]
[TimeControl "180+1"]
[EndTime "8:18:00 PST"]
[Termination "PepeCuenca won by resignation"]

1. d4 d5 2. Bf4 c5 3. e3 Nc6 4. Nf3 cxd4 5. exd4 Nf6 6. Nbd2 Bg4 7. c3 e6 8. h3 Bxf3 9. Nxf3 Bd6 10. Bxd6 Qxd6 11.
Bd3 O-O 12. O-O h6 13. Re1 Rfb8 14. a4 a6 15. a5 b5 16. axb6 Rxb6 17. b4 a5 18. Re2 Qb8 19. Rea2 Qc7 20. bxa5 Rb7 21. a6 Rba7 22. Qa4 Nb8 23. Qb3 Nfd7 24. Ra3 Qd6 25.
Bb5 Nxa6 26. Bxd7 Rxd7 27. Qa2 Rda7 28. Ne5 g6 29. Nd3 Kg7 30. Qe2 Qc7 31. Qe5+ Qxe5 32. Nxe5 Rc7 33. Rxa6 Rxa6 34. Rxa6 Rxc3 35. Ra1 g5 36.
Ra7 Rc1+ 37. Kh2 Rd1 38. Rxf7+ Kg8 39. Rf6 Rxd4 40. Rxh6 Re4 41. Nf3 Kg7 42. Rh5 g4 43. Rg5+ Kf6 44. Rxg4 Rxg4 45. hxg4 e5 46. Kg1 e4 47.
Nd4 Ke5 48. g5 Kxd4 49. g6 Kc3 50. g7 d4 51. g8=Q d3 52. Qc8+ Kd2 53. Kf1 1-0

[Event "Early-Titled-Tuesday-Blitz-February-27-2024"]
[Site "Chess.com"]
[Date "2024.02.27"]
[Round "2"]
[White "abelmat"]
[Black "Aisen1011"]
[Result "0-1"]
[WhiteElo "2080"]
[BlackElo "2455"]
[TimeControl "180+1"]
[EndTime "8:18:02 PST"]
[Termination "Aisen1011 won on time"]

1. d4 d5 2. c4 c6 3. Nf3 Nf6 4. Nc3 a6 5. e3 b5 6. cxd5 cxd5 7. Bd3 Bg4 8. O-O e6 9. h3 Bh5 10. a4 b4 11. Ne2 Bxf3 12. gxf3 Nbd7 13. e4 e5 14.
exd5 Bd6 15. Ng3 O-O 16. Ne4 Nxe4 17. fxe4 exd4 18. f4 f6 19. Qg4 Nc5 20. Bc4 Kh8 21. Re1 Re8 22. Qf3 Qc7 23. Bd2 Qb8 24. b3 Ra7 25. Re2 Rae7 26. Rae1 d3 27. Bxd3 Nxb3 28. e5 Bc5+ 29. Kh1 fxe5 30. Qe4 g6 31. f5 gxf5 32. Qxf5 Rf8 33. Qh5 Bd4 34. Bg5 Ref7 35. Rg2 e4 36. Be2 Rf1+ 37. Bxf1 Qe5 38. Qg4 Rg8 39. Be2 h6 40.
Qh5 Rxg5 0-1

[Event "Early-Titled-Tuesday-Blitz-February-27-2024"]
[Site "Chess.com"]
[Date "2024.02.27"]
[Round "2"]
[White "starworld123"]
[Black "LeninGuerra"]
[Result "1/2-1/2"]
[WhiteElo "2834"]
[BlackElo "2578"]
[TimeControl "180+1"]
[EndTime "8:18:04 PST"]
[Termination "Game drawn - insufficient material"]

1. a3 c5 2. b4 e6 3. Bb2 Nf6 4. bxc5 Bxc5 5. e3 O-O 6. Nf3 d5 7. Be2 Nbd7 8. O-O b6 9. c4 Bb7 10. cxd5 Bxd5 11. Nc3 Bb7 12. d4 Be7 13. Qd3 Rc8 14.
Rac1 Re8 15. Rfd1 Nf8 16. Ne5 Ng6 17. Nxg6 hxg6 18. f3 Nd5 19. Nxd5 Qxd5 20. e4 Qa5 21. Qb5 Qxb5 22. Bxb5 Rxc1 23. Rxc1 Rc8 24. Rxc8+ Bxc8 25. d5 exd5 26. exd5 Bd6 27. Kf2 Kf8 28. g3 Ke7 29. a4 Bc5+ 30. Ke2 Kd6 31. Be8 f6 32. Bxg6 Bd7 33. Bc2 Kxd5 34. h4 b5 35. Bb3+ Kd6 36.
axb5 Bxb5+ 37. Kd2 Bf2 38. Ba3+ Kd7 39. h5 Bxg3 40.
Bf8 Bf4+ 41. Kc3 Bh6 42. Kd4 a5 43. Ke4 Bc6+ 44. Kf5 Ke8 45. Bc5 Bxf3 46. Ba4+ Kd8 47. Kg6 Kc7 48. Bf8 Kb6 49. Bxg7 Bxh5+ 50. Kxh6 Be2 51.
Bxf6 Bb5 52. Bd8+ Kc5 53. Be7+ Kc4 54. Bd1 Kc3 55. Kg5 a4 56. Ba3 Kd2 57. Bg4 Kc3 58.
Be6 Bc4 59. Bd7 Kb3 60. Bd6 a3 61. Bf5 Be2 62. Be5 Bd1 63. Be6+ Kc2 64. Kf4 Kb1 65.
Bf5+ Bc2 66. Be6 a2 67. Ke3 a1=Q 68. Bxa1 Kxa1 1/2-1/2

[Event "Early-Titled-Tuesday-Blitz-February-27-2024"]
[Site "Chess.com"]
[Date "2024.02.27"]
[Round "2"]
[White "Al_Shima"]
[Black "jens1102"]
[Result "0-1"]
[WhiteElo "2396"]
[BlackElo "2678"]
[TimeControl "180+1"]
[EndTime "8:18:04 PST"]
[Termination "jens1102 won by resignation"]

1. e4 c5 2. Nf3 e6 3. c3 Nf6 4. e5 Nd5 5. Bc4 Nc6 6. O-O d6 7.
exd6 Bxd6 8. Re1 O-O 9. d4 b6 10. dxc5 Bxc5 11. Nbd2 Bb7 12. Ne4 Be7 13. Qe2 Qc7 14.
Qc2 h6 15. Bd2 Rac8 16. Rac1 Rfd8 17. g3 Na5 18. Bd3 Nc4 19. Rcd1 f5 20. Bxc4 Qxc4 21. Bxh6 gxh6 22. Ned2 Qc6 23. Nd4 Ne3 24. Nxc6 Nxc2 25. Nxe7+ Kf7 26. Nxc8 Nxe1 27. Rxe1 Rxd2 28. Nxa7 Rxb2 29.
a4 Be4 30. Nb5 Ke7 31. Nd4 Kd6 32. Rd1 Ke5 33. Re1 Kd5 34. Rd1 Kc4 35. Nxe6 Kxc3 36. Nd4 Ra2 37. f3 Bd3 38. Ne6 Rxa4 39. Nf4 Rd4 40. Rc1+ Kd2 41. Rc6 b5 42. Rxh6 b4 43. Rb6 Kc3 44. Kf2 b3 45. h4 b2 46. h5 b1=Q 47.
Rxb1 Bxb1 48. h6 Rd6 49. g4 fxg4 50. fxg4 Rxh6 51. g5 Rh8 52. Kf3 Kd4 53. Kg4 Ke5 54. Nh5 Bf5+ 55. Kg3 Rxh5 56. g6 Rg5+ 57. Kf3 Rxg6 58.
Ke3 Rg3+ 0-1

[Event "Early-Titled-Tuesday-Blitz-February-27-2024"]
[Site "Chess.com"]
[Date "2024.02.27"]
[Round "2"]
[White "rcmz"]
[Black "andrzej"]
[Result "0-1"]
[WhiteElo "2195"]
[BlackElo "2488"]
[TimeControl "180+1"]
[EndTime "8:18:04 PST"]
[Termination "andrzej won by resignation"]

1. b4 e5 2. Bb2 Bxb4 3. Bxe5 Nf6 4. c4 O-O 5. Nf3 Re8 6. e3 Nc6 7. Bb2 d5 8. cxd5 Nxd5 9. Be2 Bf5 10. O-O Qd7 11.
d4 Bd6 12. a3 Rad8 13. Nbd2 Qe7 14. Nc4 h5 15. h3 h4 16. Kh1 Nf4 17. Ng1 Nxe2 18.
Qxe2 Qg5 19. Nf3 Qh5 20. Rfe1 Be4 21. Ncd2 Bh7 22. Ng1 Qg5 23. Ngf3 Qh5 24. Ng1 Qg5 25. Ngf3 Qf6 26. Qb5 Ne7 27. d5 Qh6 28. Qc4 Ng6 29. Qc3 Ne5 30. Qd4 Nxf3 31. Nxf3 Be4 32. Nxh4 Be5 33. Qxe4 Bxb2 34. Qb4 Bxa1 35. Rxa1 Rxd5 36. Nf3 Rh5 37. Kg1 b6 38. Qc4 c5 39. Rd1 Qf6 40.
Qb5 Rd8 41. Rxd8+ Qxd8 42. Qc6 Rd5 43. Kh2 Qd7 44. Qa8+ Kh7 45. g3 f6 46. Kg2 b5 47.
Nh4 b4 48. axb4 cxb4 49. Qb8 Rb5 50. Qf4 Qb7+ 51. Nf3 b3 52. Qh4+ Kg8 53. e4 b2 54.
Qg4 b1=Q 55. Qe6+ Qf7 56. Qc8+ Qf8 57. Qe6+ Kh8 58. Qf5 Rxf5 0-1

[Event "Early-Titled-Tuesday-Blitz-February-27-2024"]
[Site "Chess.com"]
[Date "2024.02.27"]
[Round "2"]
[White "dretch"]
[Black "Natalya_Buksa"]
[Result "1-0"]
[WhiteElo "2883"]
[BlackElo "2595"]
[TimeControl "180+1"]
[EndTime "8:18:05 PST"]
[Termination "dretch won by checkmate"]

1. d4 d5 2. c4 e6 3. Nc3 Nf6 4. cxd5 exd5 5. Bg5 c6 6. e3 Nbd7 7. Bd3 Be7 8. Nge2 Nh5 9. Bxe7 Qxe7 10.
g4 Nhf6 11. Ng3 Nb6 12. g5 Ng8 13. Qh5 g6 14. Qe2 Qxg5 15. O-O-O Be6 16. f4 Qf6 17. f5 gxf5 18. Rhf1 Ne7 19. e4 dxe4 20.
Ncxe4 Qh6+ 21. Qd2 Qxd2+ 22. Nxd2 O-O-O 23. Nb3 Rd5 24. Nh5 Ng6 25. Nf6 Rd6 26. Bxf5 Kc7 27. Nc5 Bxf5 28.
Rxf5 Rhd8 29. Nfe4 Rxd4 30. Rxf7+ Kc8 31. Rxd4 Rxd4 32.
Nxb7 Nc4 33. Nbc5 h5 34. Rxa7 Nge5 35. Ra8+ Kc7 36. Ne6+ Kb7 37. Nxd4 Kxa8 38. Kc2 Kb7 39. Kc3 Ne3 40. h3 Nd5+ 41. Kc2 Nf4 42. Ng5 h4 43. Nf5 Neg6 44. Kc3 Kb6 45. Kc4 Ne5+ 46. Kd4 Nfg6 47. Ke4 Kb5 48. Nxh4 Nxh4 49. Kxe5 Kc4 50. Kd6 c5 51. Kc6 Kd4 52. Ne6+ Kd3 53. Nxc5+ Kc2 54. b4 Nf5 55. a4 Nd4+ 56. Kd5 Nf3 57. b5 Kc3 58. b6 Kb4 59. b7 Ka5 60. b8=Q Nd4 61. Qa7+ Kb4 62. Qb6+ Ka3 63. Kxd4 Ka2 64. Kc3 Ka1 65.
Qb2# 1-0

[Event "Early-Titled-Tuesday-Blitz-February-27-2024"]
[Site "Chess.com"]
[Date "2024.02.27"]
[Round "2"]
[White "LangesNasenhaar"]
[Black "maxip32"]
[Result "1-0"]
[WhiteElo "2409"]
[BlackElo "2643"]
[TimeControl "180+1"]
[EndTime "8:18:05 PST"]
[Termination "LangesNasenhaar won by resignation"]

1. d4 Nf6 2. Bg5 c5 3. Bxf6 gxf6 4. d5 Qb6 5. Qc1 d6 6. c4 f5 7. Nc3 Nd7 8. e3 Nf6 9. Bd3 Bg7 10. Nge2 Bd7 11. Qc2 e6 12. O-O O-O-O 13. a3 Rhg8 14. Rab1 Ng4 15. b4 Be5 16. h3 Nh2 17. Rfd1 Nf3+ 18.
Kh1 Nh4 19. g3 Nf3 20. Na4 Bxa4 21. Qxa4 Qa6 22. Qxa6 bxa6 23. Kg2 Nh4+ 24. Kh1 Ng6 25. f4 Bf6 26. e4 fxe4 27. Bxe4 e5 28. f5 Nf8 29.
bxc5 dxc5 30. Rb3 Nd7 31. Rdb1 Nb6 32. Rxb6 axb6 33. Rxb6 Be7 34. Rxa6 Bd6 35. Kg2 Kb7 36. Ra5 Ra8 37. Rb5+ Kc7 38. Rb3 Rgb8 39. Rd3 Ra4 40. f6 h6 41. Nc3 Rxc4 42. a4 Rb3 43. Nb5+ Rxb5 44. axb5 Rxe4 45. Ra3 Re2+ 46. Kf3 Re1 47. Ra7+ Kb6 48. Rd7 Bb8 49. Rxf7 Rf1+ 50. Ke4 Rf5 51. Kxf5 c4 52. Ke4 Bd6 53. Rd7 Bc5 54. f7 Kxb5 55. Rd8 c3 56. Kd3 e4+ 57. Kc2 e3 58. f8=Q Bxf8 59. Rxf8 e2 60. Re8 1-0

[Event "Early-Titled-Tuesday-Blitz-February-27-2024"]
[Site "Chess.com"]
[Date "2024.02.27"]
[Round "2"]
[White "hamelekh"]
[Black "nicolasbatista3"]
[Result "1-0"]
[WhiteElo "2713"]
[BlackElo "2405"]
[TimeControl "180+1"]
[EndTime "8:18:06 PST"]
[Termination "hamelekh won by checkmate"]

1. e4 c6 2. d4 d5 3. exd5 cxd5 4.
Bd3 Nc6 5. c3 Qc7 6. Ne2 Nf6 7.
Bf4 e5 8. dxe5 Nh5 9. Be3 Nxe5 10. Bb5+ Bd7 11. Bxd7+ Qxd7 12. O-O Be7 13. Nd2 O-O 14. Nd4 Nf6 15. Bg5 Rfe8 16. Bxf6 Bxf6 17. Qc2 g6 18. Rad1 Qc7 19. N4f3 Nc4 20. Nxc4 dxc4 21. Rfe1 Kg7 22. h3 b5 23. Rd5 Rxe1+ 24. Nxe1 Qc6 25. Qd2 Re8 26. Nf3 Re2 27. Qxe2 Qxd5 28. Nd2 a5 29. a4 b4 30. cxb4 c3 31. bxc3 Bxc3 32. Ne4 Bxb4 33. Qb2+ Kh6 34. f3 Qd1+ 35. Kh2 Bd6+ 36.
Nxd6 Qxd6+ 37. Kg1 Qd1+ 38. Kf2 Qxa4 39. Qf6 Qa2+ 40.
Kg3 a4 41. h4 Qe6 42. Qf4+ Kg7 43. Qxa4 Qf6 44. Qe4 h5 45. Qd5 Qa1 46. Qe4 Qf6 47. f4 Qc3+ 48. Kf2 Qb2+ 49. Kf3 Qc3+ 50. Qe3 Qf6 51.
g3 Qc6+ 52. Qe4 Qc1 53. Qe5+ Kg8 54. f5 Qf1+ 55. Ke4 Qb1+ 56. Kf4 Qf1+ 57. Kg5 Qc1+ 58. Qf4 Qc5 59. Kf6 Qb6+ 60. Ke7 Qc5+ 61. Kf6 Qb6+ 62. Kg5 Qc5 63. Qe4 Qc1+ 64. Kf6 Qc3+ 65. Qe5 Qf3 66.
Qf4 Qxf4 67. gxf4 gxf5 68. Kxf5 Kg7 69. Kg5 Kh7 70. Kf6 Kg8 71. Ke7 Kg7 72. f5 Kg8 73. f6 Kh7 74. Kxf7 Kh8 75. Ke8 Kg8 76. f7+ Kh7 77.
f8=Q Kg6 78. Qf4 Kh7 79. Kf7 Kh8 80. Qh6# 1-0